 Dungeon Crawl Stone Soup version 0.31-a0-4-gefa6de2278 (webtiles) character file.

Game seed: 226987320914335036

3140182 backslashecho the Wrestler (level 27, 284/284 HPs)
             Began as a Troll Artificer on May 2, 2023.
             Was the Champion of Zin.
             Escaped with the Orb
             ... and 5 runes on May 4, 2023!
             The game lasted 08:18:50 (70931 turns).

backslashecho the Wrestler (Troll Artificer)       Turns: 70931, Time: 08:18:51

Health: 284/284    AC: 40    Str: 43    XL:     27
Magic:  33/33      EV: 11    Int:  8    God:    Zin [******]
Gold:   659        SH: 32    Dex: 22    Spells: 26/26 levels left

rFire   + .          .
                       - Unarmed
rCold   + + .        B - +8 tower shield "Viac" {rN++ Str+7}
rNeg    + + .        Y - +7 gold dragon scales
rPois   +            T - +3 hat of the Hurling Gods {Regen+ rCorr Dex-5}
rElec   +            I - +4 dragonskin cloak
rCorr   +            (gloves unavailable)
SInv    +            (boots unavailable)
Will    +++..        K - amulet of Xaveg {Reflect Will+ Regen+ Int+3 Dex+3 SH+5} Stlth
                     X - ring "Moluschean" {rElec rC+ Dex+6}
HPRegen 3.07/turn    d - ring "Mos Feum" {Str+6 SInv}
MPRegen 0.23/turn

%: reflection
@: reciting, flying, studying Translocations
A: large, unfitting armour, claws 3, regeneration 1, shaggy fur 1, tough skin 1,
dopey 1
0: Orb of Zot
}: 5/15 runes: decaying, serpentine, slimy, silver, abyssal
a: Renounce Religion, Recite, Vitalisation, Imprison, Sanctuary, Donate Gold


You escaped.
You worshipped Zin.
Zin was exalted by your worship.
You visited 12 branches of the dungeon, and saw 56 of its levels.
You visited the Abyss 1 time.
You also visited: Gauntlet.

You collected 10150 gold pieces.
You spent 4467 gold pieces at shops.
You donated 5024 gold pieces to Zin.

Inventory:

Hand Weapons
 b - a +9 eveningstar of holy wrath
Missiles
 g - 6 silver javelins
 w - a curare-tipped dart
 Q - 8 javelins
 R - 78 large rocks (quivered)
Armour
 A - the quicksilver dragon scales of Okawaru's Favour {rElec Will+ Regen+ Str-5}
   (Okawaru gifted it to you on level 5 of the Vaults)

   Str:       It affects your strength (-5).
   rElec:     It insulates you from electricity.
   Regen:     It increases your rate of health regeneration.
   Will:      It increases your willpower.
 B - the +8 tower shield "Viac" (worn) {rN++ Str+7}
   (Okawaru gifted it to you on level 4 of the Swamp)

   Str:       It affects your strength (+7).
   rN:        It greatly protects you from negative energy.
 I - the +4 dragonskin cloak (worn)
   (You took it off Tiamat on level 1 of the Realm of Zot)

   Avatar's Aegis: It grants the wearer a chance to resist fire, cold, poison,
   electricity, acid, and negative energy.
 M - a scarf of resistance
 T - the +3 hat of the Hurling Gods (worn) {Regen+ rCorr Dex-5}
   (Okawaru gifted it to you on level 2 of the Orcish Mines)

   Dex:       It affects your dexterity (-5).
   Regen:     It increases your rate of health regeneration.
   rCorr:     It protects you from acid and corrosion.
 Y - +7 gold dragon scales (worn)
Jewellery
 d - the ring "Mos Feum" (right claw) {Str+6 SInv}
   (You bought it in a shop on level 2 of the Snake Pit)

   [ring of strength]

   Str:       It affects your strength (+6).
   SInv:      It lets you see invisible.
 i - a ring of willpower
 q - a ring of protection from cold
 K - the amulet of Xaveg (around neck) {Reflect Will+ Regen+ Int+3 Dex+3 SH+5}
   (You took it off a deep elf high priest on level 3 of the Elven Halls)

   [amulet of reflection]

   It reflects blocked missile attacks.
   Int:       It affects your intelligence (+3).
   Dex:       It affects your dexterity (+3).
   Regen:     It increases your rate of health regeneration.
   SH:        It affects your SH (+5).
   Will:      It increases your willpower.
 W - a ring of protection from fire
 X - the ring "Moluschean" (left claw) {rElec rC+ Dex+6}
   (You bought it in a shop on level 3 of the Depths)

   [ring of dexterity]

   Dex:       It affects your dexterity (+6).
   rC:        It protects you from cold.
   rElec:     It insulates you from electricity.
Wands
 c - a wand of flame (151)
 h - a wand of digging (14)
 v - a wand of quicksilver (43)
 D - a wand of mindburst (21)
 J - a wand of iceblast (42)
 N - a wand of charming (37)
Scrolls
 m - 29 scrolls of teleportation
 n - 2 scrolls of silence
 s - 9 scrolls of vulnerability
 z - 6 scrolls of magic mapping
 C - 4 scrolls of poison
 G - 6 scrolls of fog
 O - 5 scrolls of blinking
 S - 2 scrolls of butterflies
 V - 8 scrolls of fear
 Z - 5 scrolls of immolation
Potions
 a - 3 potions of ambrosia
 e - 5 potions of might
 f - 5 potions of invisibility
 j - 24 potions of curing
 k - 8 potions of flight
 l - 7 potions of magic
 r - 2 potions of haste
 u - 7 potions of cancellation
 x - 4 potions of heal wounds
 F - 9 potions of mutation
 L - a potion of resistance
Miscellaneous
 o - a phantom mirror
 E - a phial of floods
 P - a condenser vane
 U - a lightning rod (4/4)


   Skills:
 + Level 18.7 Fighting
 - Level 21.3 Throwing
 + Level 18.7 Armour
 - Level 10.0 Dodging
 - Level 1.0 Stealth
 - Level 12.0 Shields
 * Level 25.5 Unarmed Combat
 - Level 15.0 Invocations
 - Level 7.2 Evocations


You had 26 spell levels left.
You didn't know any spells.
Your spell library contained the following spells:

 Spells                   Type           Power      Damage    Failure   Level
 Foxfire                  Conj/Fire      0%         2x1d4     99%         1
 Freeze                   Ice            0%         1d3       99%         1
 Kiss of Death            Conj/Necr      0%         2d5       99%         1
 Magic Dart               Conj           0%         1d3       99%         1
 Sandblast                Erth           0%         2d4       99%         1
 Sting                    Tmut/Pois      0%         1d3       99%         1
 Blink                    Tloc           0%         N/A       100%        2
 Call Imp                 Summ           0%         N/A       100%        2
 Cigotuvi's Dreadful Rot  Necr/Pois/Air  0%         N/A       100%        2
 Ensorcelled Hibernation  Hex/Ice        0%         N/A       100%        2
 Lesser Beckoning         Tloc           0%         N/A       100%        2
 Momentum Strike          Conj/Tloc      0%         3d8       100%        2
 Passwall                 Tmut/Erth      0%         N/A       100%        2
 Poisonous Vapours        Pois/Air       0%         N/A       100%        2
 Searing Ray              Conj           0%         2d4       100%        2
 Sublimation of Blood     Necr           0%         N/A       100%        2
 Wereblood                Tmut           0%         N/A       100%        2
 Call Canine Familiar     Summ           0%         N/A       100%        3
 Confusing Touch          Hex            0%         N/A       100%        3
 Dazzling Flash           Conj/Hex       0%         N/A       100%        3
 Frozen Ramparts          Ice            0%         1d1       100%        3
 Gell's Gravitas          Tloc           0%         N/A       100%        3
 Hailstorm                Conj/Ice       0%         3d3       100%        3
 Ignite Poison            Fire/Tmut/Pois 0%         N/A       100%        3
 Inner Flame              Hex/Fire       0%         N/A       100%        3
 Mephitic Cloud           Conj/Pois/Air  0%         N/A       100%        3
 Ozocubu's Armour         Ice            0%         N/A       100%        3
 Portal Projectile        Hex/Tloc       0%         N/A       100%        3
 Stone Arrow              Conj/Erth      0%         3d7       100%        3
 Swiftness                Air            0%         N/A       100%        3
 Teleport Other           Tloc           0%         N/A       100%        3
 Tukima's Dance           Hex            0%         N/A       100%        3
 Volatile Blastmotes      Fire/Tloc      0%         2d10      100%        3
 Anguish                  Hex/Necr       0%         N/A       100%        4
 Animate Armour           Summ/Erth      0%         N/A       100%        4
 Dispel Undead            Necr           0%         3d6       100%        4
 Fulminant Prism          Conj/Hex       0%         3d5       100%        4
 Ice Form                 Ice/Tmut       0%         N/A       100%        4
 Iskenderun's Mystic Bla  Conj/Tloc      0%         2d3       100%        4
 Leda's Liquefaction      Hex/Erth       0%         N/A       100%        4
 Manifold Assault         Tloc           0%         N/A       100%        4
 Olgreb's Toxic Radiance  Pois           0%         N/A       100%        4
 Passage of Golubria      Tloc           0%         N/A       100%        4
 Petrify                  Tmut/Erth      0%         N/A       100%        4
 Sticky Flame             Conj/Fire      0%         2d3       100%        4
 Summon Ice Beast         Ice/Summ       0%         N/A       100%        4
 Agony                    Necr           0%         N/A       100%        5
 Alistair's Intoxication  Tmut/Pois      0%         N/A       100%        5
 Blade Hands              Tmut           0%         N/A       100%        5
 Borgnjor's Vile Clutch   Necr/Erth      0%         N/A       100%        5
 Fireball                 Conj/Fire      0%         3d3       100%        5
 Freezing Cloud           Conj/Ice/Air   0%         6-21      100%        5
 Iskenderun's Battlesphe  Conj           0%         2d6       100%        5
 Lee's Rapid Deconstruct  Erth           0%         3d4*      100%        5
 Metabolic Englaciation   Hex/Ice        0%         N/A       100%        5
 Silence                  Hex/Air        0%         N/A       100%        5
 Summon Forest            Summ/Tloc      0%         N/A       100%        5
 Yara's Violent Unravell  Hex/Tmut       0%         3d3       100%        5
 Death Channel            Necr           0%         N/A       100%        6
 Eringya's Noxious Bog    Tmut/Pois      0%         N/A       100%        6
 Iron Shot                Conj/Erth      0%         9d1       100%        6
 Simulacrum               Ice/Necr       0%         N/A       100%        6
 Starburst                Conj/Fire      0%         6d3       100%        6
 Statue Form              Tmut/Erth      0%         N/A       100%        6
 Enfeeble                 Hex            0%         N/A       100%        7
 Ozocubu's Refrigeration  Ice            0%         4d7       100%        7
 Spellforged Servitor     Conj/Summ      0%         N/A       100%        7
 Storm Form               Tmut/Air       0%         N/A       100%        7
 Summon Hydra             Summ           0%         N/A       100%        7
 Disjunction              Tloc           0%         N/A       100%        8
 Ignition                 Fire           0%         3d3       100%        8
 Lehudib's Crystal Spear  Conj/Erth      0%         10d2      100%        8


Dungeon Overview and Level Annotations

Branches:
Dungeon (15/15)            Temple (1/1) D:4            Lair (5/5) D:8
  Swamp (4/4) Lair:2        Snake (4/4) Lair:2        Slime (5/5) Lair:4
    Orc (2/2) D:11            Elf (3/3) Orc:2        Vaults (5/5) D:14
  Crypt (3/3) Vaults:3       Tomb (0/3) Crypt:3      Depths (4/4) D:15
    Zot (5/5) Depths:4    Gauntlet (visited)

Altars:
Ashenzari
Cheibriados
Dithmenos
Elyvilon
Fedhas
Gozag
Hepliaklqana
Kikubaaqudgha
Makhleb
Nemelex Xobeh
Okawaru
Qazlal
Ru
Sif Muna
Trog
Uskayaw
Vehumet
Wu Jian
Xom
Yredelemnul
Zin
The Shining One

Shops:
D:5 [=(=   D:13 *   D:14 (   Orc:2 =?!?   Elf:2 [   Elf:3 (   Snake:2 =
Vaults:1 !   Vaults:2 (   Depths:3 =:=

Portals:
Hell: Depths:1 Depths:2 Depths:3 Depths:4
Abyss: Depths:3
Pandemonium: Depths:2
Ziggurat: Depths:2
Trove: Vaults:1 (give horn of Geryon)

Annotations:
D:3 1 runed translucent door, Jeffwins's ghost, amateur OpNe
Swamp:4 Roxanne
Snake:1 1 exclusion
Snake:2 1 exclusion
Elf:2 4 runed translucent doors, Soammui's ghost, adept MiBe
Vaults:1 exclusion: door
Crypt:1 1 runed translucent door, Igymira's ghost, veteran MiGl
Zot:1 exclusion: 3 doors
Zot:2 exclusion: 2 upstairs
Zot:3 3 runed translucent doors, Xapeig's ghost, legendary GrAr


Innate Abilities, Weirdness & Mutations

You are too large for most types of armour.
You have claws for hands.
Your natural rate of healing is unusually fast.
You are covered in fur. (AC +1)
You have tough skin. (AC +1)
You are dopey. (Int -2)


Message History

The blast of poison misses you.
You completely miss the green death.
The green death is almost dead.
You claw the green death!
You kill the green death!
(D) Dungeon (T) Temple (L) Lair (S) Swamp (P) Snake Pit (M) Slime Pits (O) Orcish Mines (E) Elven Halls (V) Vaults (C) Crypt (W) Tomb (U) Depths (H) Hell (Z) Zot
Where to? (Enter - D:1 @ (x,y), ? - help)
A green death comes into view.
The green death moves out of view.
You feel very buoyant.
You fly up into the air.
There is a staircase leading out of the dungeon here.
You throw a large rock. The large rock hits the green death.
The green death is lightly wounded.
The green death gestures at you.
You throw a large rock.
The large rock closely misses the green death.
You throw a large rock. The large rock hits the green death!!
The green death is heavily wounded.
You throw a large rock. The large rock hits the green death!!!
You kill the green death!
A Zofak, a lich, a rust devil and an ice devil come into view.
Press: ? - help, v - describe, . - travel
Here: Zofak, armed with a flaming touch (black smoke)
The floor.
Unknown command.
Activating: Recite (0% risk of failure)
Press: ? - help, Dir - look around, f - activate You clear your throat and prepare to recite. "And so Zin bade the hordes of the Abyss to come before..."
The rust devil is blasted by Zin's holy word!
The rust devil screeches!
The lich shouts! "...the altar, that judgement might be passed..."
The lich is blasted by the fury of Zin!
The lich is lightly damaged.
The ice devil is limned with silver light.
You have escaped!

#..........##.# #÷#########
#######(#####.###.#
##########§(.........######
#........§..(.............#
#.≈≈≈§≈.≈§≈≈§(≈≈≈≈≈.≈≈≈≈≈.#
#..§≈§..4&≈§§..§§≈...≈≈≈..#
#...§..L..≈.....≈.....≈...#
#....≈≈§§§.....).§§≈≈≈....#
#.....≈≈≈..4.@....≈§≈.....#
##.....≈§§§........≈.....##
##.....§≈§≈≈.≈≈≈≈§.§...##
##.....§§≈...≈≈≈.....##
##.....≈.....≈.....##
##.....§≈≈§≈.....##
##.....§§§.....##
##.....§§....##
##..§§.....##


You could see Zofak, a lich, an ice devil (corona) and a rust devil (dazed).

Vanquished Creatures
  the Royal Jelly (Slime:5)
  Dissolution (Slime:2)
  4 dread liches (Zot:5)
  Tiamat (Zot:1)
  3 ancient liches
  4 orbs of fire
  2 juggernauts
  Mara (Vaults:2)
  Boris (twice) (Vaults:5 D:15)
  Josephina (Zot:4)
  Vv (Depths:4)
  Bai Suzhen (Swamp:2)
  Margery (Vaults:2)
  11 Killer Klowns (Zot:5)
  3 curse toes
  Saint Roka (Snake:4)
  10 golden dragons
  A profane servitor (D:8)
  A bone dragon (Crypt:2)
  2 doom hounds (Zot:1)
  A Brimstone Fiend (Zot:2)
  4 electric golems
  Zenata (Elf:1)
  26 Orb Guardians
  16 tentacled monstrosities
  An Ice Fiend (Zot:3)
  Jorgrun (Swamp:3)
  6 liches
  A walking crystal tome (Depths:4)
  15 titans
  3 deep elf blademasters
  7 ancient champions
  Asterion (Elf:2)
  Grunn (Zot:1)
  5 deep elf master archers
  5 quicksilver dragons
  17 acid blobs
  9 sphinxes
  An Executioner (Depths:1)
  7 azure jellies
  6 death cobs
  6 tengu reavers
  22 storm dragons
  A thorn hunter (Swamp:2)
  Donald (Vaults:1)
  5 shadow dragons
  4 draconian monks
  A fenstrider witch (Swamp:3)
  4 revenants
  2 nagarajas
  7 draconian knights
  27 frost giants
  17 fire giants
  4 deep elf sorcerers
  Aizul (Vaults:4)
  A balrug (Depths:1)
  8 rockslimes (Slime:5)
  4 iron dragons
  2 curse skulls
  24 vault wardens
  4 ghost moths
  A caustic shrike zombie (Crypt:3)
  8 draconian scorchers
  3 deep elf elementalists (Elf:3)
  4 orc warlords
  23 ironbound preservers
  3 spriggan defenders
  4 draconian stormcallers
  A cacodemon (Zot:2)
  32 stone giants
  11 quicksilver oozes
  A reaper (Crypt:2)
  3 war gargoyles
  5 draconian shifters
  34 very ugly things
  11 ghouls
  4 draconian annihilators
  16 ironbound thunderhulks
  A rockslime zombie (Crypt:2)
  12 vampire knights
  11 green draconians
  8 deep elf annihilators
  4 eleionomae
  12 purple draconians
  6 deep elf demonologists
  11 white draconians
  4 bunyips
  A minotaur (Gauntlet)
  16 spark wasps
  15 red draconians
  18 yellow draconians
  12 black draconians
  3 dire elephants (Vaults:2)
  7 fire dragons
  A blizzard demon (Depths:1)
  2 eidola
  9 deep elf death magi
  2 green deaths (D:1)
  A shambling mangrove (Swamp:3)
  A fire dragon (shapeshifter) (Vaults:4)
  12 ettins
  A crystal guardian (Vaults:3)
  2 mummy priests (Crypt:3)
  2 entropy weavers
  17 great orbs of eyes
  12 yaktaur captains
  18 jiangshi
  8 deep elf high priests
  4 spriggan skeletons
  Erolcha (D:9)
  5 salamander tyrants (Snake:4)
  A hell beast (Depths:1)
  2 peacekeepers
  33 vault guards
  8 hydras
  5 ogre magi
  7 rakshasas
  4 centaur warriors
  13 ice dragons
  3 ghost crabs
  5 ironbound frosthearts
  3 spriggan air magi
  3 death knights
  6 boulder beetles
  7 tengu warriors
  13 two-headed ogres
  17 death yaks
  26 naga warriors
  6 alligators
  5 anacondas
  8 dancing weapons
  10 deep troll shamans
  5 deep troll earth magi
  7 spriggan berserkers
  7 vampire magi
  Urug (Orc:2)
  A thrashing horror (Abyss:2)
  An orc high priest (Orc:2)
  20 hell knights
  12 naga sharpshooters
  10 shock serpents
  10 iron trolls
  21 deep elf knights
  19 skeletal warriors
  3 soul eaters
  Amaemon (D:8)
  7 salamander mystics
  2 sixfirhies (Zot:2)
  A spark wasp zombie (Depths:3)
  2 spriggan druids (Swamp:3)
  55 deep trolls
  4 goliath frogs
  An anaconda zombie (Crypt:3)
  2 titan skeletons
  Lodul (D:13)
  5 spatial maelstroms (Abyss:3)
  4 glowing orange brains
  A shadow wraith (Crypt:2)
  4 skysharks
  A storm dragon skeleton (Crypt:2)
  An iron giant skeleton (Crypt:2)
  7 flayed ghosts
  An obsidian statue (Gauntlet)
  8 wizards
  28 deep elf zephyrmancers
  7 bog bodies
  20 ironbound convokers
  12 deep elf archers
  24 deep elf pyromancers
  3 naga ritualists
  8 orc knights
  4 swamp dragons
  A steelbarb worm (shapeshifter) (Depths:2)
  5 lindwurms
  An anaconda skeleton (Crypt:3)
  10 necromancers
  Pikel (D:4)
  A golden dragon skeleton (Depths:3)
  An orange crystal statue (Zot:5)
  12 phantasmal warriors
  2 orc sorcerers
  A tengu skeleton (Depths:3)
  A wolf spider (Lair:3)
  A harpy (shapeshifter) (D:14)
  11 mana vipers
  A stone giant zombie (Crypt:2)
  A cyclops (shapeshifter) (Elf:3)
  25 ugly things
  A manticore (D:14)
  3 shining eyes
  2 cyclopes (Orc:2)
  4 will-o-the-wisps
  20 elephants
  18 salamanders
  2 black mambas (shapeshifter)
  32 moths of wrath
  2 naga zombies (Crypt:3)
  14 naga magi
  Maurice (D:13)
  An orc zombie (Crypt:1)
  A torpor snail (Lair:3)
  10 guardian serpents
  35 black mambas
  A guardian serpent (shapeshifter) (D:14)
  A shock serpent skeleton (Crypt:3)
  12 vault sentinels
  2 orange demons
  A storm dragon simulacrum (Zot:4)
  A gargoyle (D:13)
  9 cane toads
  2 eyes of devastation
  An unseen horror zombie (D:8)
  A hellion (Depths:1)
  A centaur skeleton (Crypt:2)
  11 unseen horrors
  An alligator snapping turtle skeleton (Crypt:3)
  7 komodo dragons
  10 freezing wraiths
  A golden dragon simulacrum (Zot:4)
  An unseen horror (shapeshifter) (Depths:2)
  A kobold demonologist (D:13)
  A rime drake (shapeshifter) (Vaults:5)
  4 tengu conjurers
  46 yaktaurs
  3 efreet
  A green draconian skeleton (Crypt:2)
  A sea snake skeleton (Crypt:1)
  3 guardian mummies (Crypt:3)
  A queen bee (shapeshifter) (Vaults:5)
  A harpy zombie (Crypt:2)
  A polar bear (Lair:5)
  16 trolls
  3 meliai
  12 tyrant leeches
  15 hornets
  2 harpy skeletons (Crypt:3)
  A mana viper skeleton (Crypt:2)
  7 bloated husks
  24 blink frogs
  A hydra skeleton (Crypt:3)
  5 large abominations
  20 dream sheep (Lair:5)
  An ettin zombie (Crypt:1)
  A jumping spider (shapeshifter) (Vaults:5)
  A guardian serpent zombie (Crypt:3)
  Grinder (D:5)
  A draconian simulacrum (Zot:4)
  Prince Ribbit (D:7)
  25 spriggans
  A boulder beetle zombie (Crypt:2)
  An air elemental (Elf:1)
  An ettin skeleton (Crypt:1)
  2 shadows
  2 black mamba zombies
  A spriggan (shapeshifter) (D:14)
  65 slime creatures
  A culicivora (shapeshifter) (Elf:2)
  35 yaks
  8 water elementals
  8 wraiths
  3 ushabtiu (Crypt:3)
  A vampire (D:9)
  A tyrant leech zombie (Crypt:1)
  3 fire elementals (Elf:1)
  A wyvern (D:8)
  2 steam dragons
  3 black mamba skeletons
  A neqoxec (Abyss:2)
  3 swamp worm simulacra (Swamp:4)
  4 wargs
  3 basilisks
  A redback (Lair:3)
  12 vampire mosquitoes
  14 swamp worms
  45 nagas
  4 acid dragons
  Duvessa (D:6)
  17 hydra simulacra (Swamp:4)
  A floating eye (Depths:2)
  23 orc warriors
  9 water moccasins
  A fire bat skeleton (Crypt:3)
  2 moth of wrath simulacra (Zot:4)
  2 naga skeletons
  A glowing shapeshifter skeleton (Vaults:4)
  A swamp drake (Swamp:1)
  A sky beast (D:7)
  5 black bears (Lair:5)
  An ettin simulacrum (Vaults:4)
  5 ice beasts
  A human zombie (Vaults:4)
  32 ogres
  7 boggarts
  30 wolves
  A phantom (D:4)
  4 small abominations (Gauntlet)
  3 scorpions
  7 bullfrogs
  5 necrophages
  7 earth elementals
  A glowing shapeshifter simulacrum (Vaults:4)
  A polar bear zombie (Crypt:1)
  13 wights
  Dowan (D:6)
  A raiju zombie (Crypt:3)
  2 electric eels
  A shapeshifter skeleton (Crypt:3)
  6 howler monkeys
  A crimson imp (Abyss:2)
  2 lava snakes (Lair:3)
  4 centaur zombies
  4 hounds
  10 jellies
  21 orc priests
  2 gnoll boudas (D:7)
  An iron imp (Abyss:2)
  2 sleepcaps
  Crazy Yiuf (D:5)
  Ijyb (D:5)
  Natasha (thrice) (D:4)
  A human skeleton (Crypt:2)
  4 iguanas
  20 orc wizards
  A scorpion zombie (Crypt:3)
  12 mummies (Crypt:3)
  A howler monkey zombie (D:8)
  Robin (D:4)
  11 gnolls
  4 adders
  6 shadow imps
  2 white imps
  4 ufetubi (D:5)
  5 swamp drake simulacra (Swamp:4)
  A lava snake skeleton (Crypt:2)
  2 dart slugs
  80 orcs
  6 ball pythons
  22 endoplasms
  A gnoll zombie (Crypt:3)
  14 goblins
  8 hobgoblins
  10 jackals
  6 kobolds
  6 quokkas
  6 bats
  5 frilled lizards
  A hobgoblin zombie (Crypt:1)
  A jackal zombie (Crypt:3)
  An orc skeleton (Crypt:3)
2447 creatures vanquished.

Vanquished Creatures (others)
  A lich (Depths:1)
  2 fire giants
  A deep elf elementalist (Elf:3)
  An alligator (Swamp:4)
  A swamp dragon (Swamp:4)
  A necromancer (Crypt:3)
  3 bloated husks
  2 vampire mosquitoes (Swamp:4)
  2 orc warriors (Vaults:5)
  A butterfly (D:4)
  4 demonic plants (Gauntlet)
  32 foxfires
  45 fungi
  102 plants
  A spectral weapon (Lair:5)
199 creatures vanquished.

Grand Total: 2646 creatures vanquished

Notes
Turn   | Place    | Note
-------+----------+-------------------------------------------
     0 | D:1      | backslashecho the Troll Artificer began the quest for the
                  | Orb.
     0 | D:1      | Reached XP level 1. HP: 18/18 MP: 0/0
    45 | D:1      | Reached skill level 1 in Fighting
    49 | D:1      | Reached skill level 1 in Unarmed Combat
    49 | D:1      | Reached XP level 2. HP: 27/27 MP: 1/1
   187 | D:1      | You fall into a shaft and drop 1 floor!
   259 | D:1      | Reached XP level 3. HP: 33/33 MP: 2/2
   511 | D:2      | Reached skill level 2 in Unarmed Combat
   858 | D:2      | Identified the ring "Lejumi" {*Corrode Fly rPois rN+++
                  | Str+6}
  1300 | D:3      | Reached XP level 4. HP: 41/41 MP: 3/3
  1779 | D:3      | Found a runed translucent door.
  1781 | D:3      | Noticed Jeffwins's ghost (amateur OpNe)
  1900 | D:4      | Noticed a lemure
  1974 | D:4      | Noticed a lemure
  1976 | D:4      | Noticed a lemure
  1978 | D:4      | Noticed a phantom
  1980 | D:4      | Noticed Pikel
  2040 | D:3      | Reached skill level 3 in Unarmed Combat
  2040 | D:3      | Reached XP level 5. HP: 49/49 MP: 4/4
  2057 | D:4      | Noticed Robin
  2090 | D:4      | Killed Robin
  2254 | D:4      | Noticed Natasha
  2260 | D:4      | Killed Natasha
  2311 | D:4      | Noticed a lemure
  2363 | D:4      | Killed Pikel
  2364 | D:4      | Reached skill level 5 in Unarmed Combat
  2364 | D:4      | Reached XP level 6. HP: 61/61 MP: 5/5
  2364 | D:4      | Reached XP level 7. HP: 67/67 MP: 6/6
  2466 | D:4      | Noticed Natasha
  2471 | D:4      | Found an iron altar of Okawaru.
  2478 | D:4      | Killed Natasha
  2487 | D:4      | Became a worshipper of Warmaster Okawaru
  2572 | D:4      | Found a staircase to the Ecumenical Temple.
  2775 | D:4      | Found a white marble altar of Elyvilon.
  2858 | D:4      | Noticed Natasha
  2865 | D:4      | Killed Natasha
  2997 | D:5      | Entered Level 5 of the Dungeon
  3033 | D:5      | Identified the +1 robe "Uwodofyc" {rPois Dex+3}
  3084 | D:5      | Reached skill level 1 in Invocations
  3229 | D:5      | Found Idwaosm's Antique Weapon Emporium.
  3264 | D:5      | Reached skill level 6 in Unarmed Combat
  3264 | D:5      | Reached XP level 8. HP: 78/78 MP: 8/8
  3270 | D:5      | Found Reunik's Jewellery Shop.
  3280 | D:5      | Noticed Ijyb
  3284 | D:5      | Killed Ijyb
  3322 | D:5      | Found a runed translucent door.
  3323 | D:5      | Noticed Crazy Yiuf
  3510 | D:5      | Reached * piety under Okawaru
  3573 | D:5      | Found Hezir's Jewellery Boutique.
  3597 | D:5      | Noticed Grinder
  3722 | D:5      | Found Hetur's Antique Armour Shop.
  4085 | D:5      | Killed Grinder
  4134 | D:5      | Killed Crazy Yiuf
  4478 | D:6      | Reached ** piety under Okawaru
  4754 | D:6      | Reached skill level 7 in Unarmed Combat
  4759 | D:6      | Reached skill level 5 in Invocations
  4898 | D:6      | Reached XP level 9. HP: 79/84 MP: 12/12
  5177 | D:6      | Noticed Duvessa
  5177 | D:6      | Noticed Dowan
  5193 | D:6      | Killed Duvessa
  5194 | D:6      | Killed Dowan
  5373 | D:7      | Found a shimmering blue altar of Sif Muna.
  5591 | D:7      | Reached skill level 8 in Unarmed Combat
  5631 | D:7      | Noticed Prince Ribbit
  5644 | D:7      | Killed Prince Ribbit
  5647 | D:7      | Reached *** piety under Okawaru
  5682 | D:7      | Found a glowing silver altar of Zin.
  6339 | D:8      | Found a radiant altar of Vehumet.
  6341 | D:8      | Found a snail-covered altar of Cheibriados.
  6365 | D:8      | Reached XP level 10. HP: 72/92 MP: 13/15
  6436 | D:8      | Identified the +1 ring mail of Cocytus {rElec rPois rC+
                  | Str-4}
  6511 | D:8      | Noticed Amaemon
  6528 | D:8      | Killed Amaemon
  6529 | D:8      | Reached skill level 9 in Unarmed Combat
  6602 | D:8      | Noticed an orange demon
  6614 | D:8      | Killed an orange demon
  6637 | D:8      | Reached **** piety under Okawaru
  6776 | D:8      | Found a staircase to the Lair.
  6913 | D:8      | Found a hazy altar of Hepliaklqana.
  6916 | D:8      | Found a shadowy altar of Dithmenos.
  7439 | D:9      | Reached skill level 10 in Invocations
  7482 | D:9      | Noticed a two-headed ogre
  7492 | D:9      | Killed a two-headed ogre
  7493 | D:9      | Reached skill level 10 in Unarmed Combat
  7500 | D:9      | Identified the +11 glaive "Demonslayer" {heavy, *Noise rF++
                  | Dex+3 SInv}
  7503 | D:9      | Found a hide-covered altar of Uskayaw.
  7517 | D:9      | Identified the +0 helmet of Vocrenung {+Blink Will+ Str-2
                  | Stlth+}
  7961 | D:9      | Noticed Erolcha
  7972 | D:9      | Killed Erolcha
  7973 | D:9      | Reached XP level 11. HP: 81/100 MP: 10/18
  8062 | D:10     | Entered Level 10 of the Dungeon
  8189 | D:10     | Received a gift from Okawaru
  8831 | D:10     | Noticed a boulder beetle
  8848 | D:10     | Killed a boulder beetle
  8999 | D:10     | Noticed a two-headed ogre
  9003 | D:10     | Killed a two-headed ogre
  9221 | D:10     | Found an ornate altar of the Wu Jian Council.
  9398 | Lair:1   | Entered Level 1 of the Lair of Beasts
  9451 | Lair:1   | Reached skill level 11 in Unarmed Combat
  9688 | Lair:1   | Found a gate leading to a gauntlet.
  9697 | Gauntlet | Entered a Gauntlet
  9697 | Gauntlet | Found a transporter.
  9698 | Gauntlet | Noticed a soul eater
  9704 | Gauntlet | Found a transporter.
  9708 | Gauntlet | Found a transporter.
  9716 | Gauntlet | Found a transporter.
  9720 | Gauntlet | Found a transporter.
  9728 | Gauntlet | Found a transporter.
  9732 | Gauntlet | Found a transporter.
  9740 | Gauntlet | Found a transporter.
  9740 | Gauntlet | Noticed an obsidian statue
  9744 | Gauntlet | Found a transporter.
  9746 | Gauntlet | Noticed a cyan ugly thing
  9747 | Gauntlet | Noticed a purple ugly thing
  9748 | Gauntlet | Noticed a great orb of eyes
  9753 | Gauntlet | Found a transporter.
  9784 | Gauntlet | Found a transporter.
  9796 | Gauntlet | Found a transporter.
  9809 | Gauntlet | Found a transporter.
  9821 | Gauntlet | Found a transporter.
  9986 | Gauntlet | Killed a soul eater
 10139 | Gauntlet | Killed an obsidian statue
 10195 | Gauntlet | Noticed a minotaur
 10203 | Gauntlet | Killed a minotaur
 10395 | Lair:1   | Reached skill level 5 in Dodging
 10707 | Lair:1   | Reached XP level 12. HP: 57/107 MP: 18/20
 11115 | Lair:2   | Found a staircase to the Snake Pit.
 11138 | Lair:2   | Reached skill level 12 in Unarmed Combat
 11141 | Lair:2   | Noticed a four-headed hydra
 11417 | Lair:2   | Received a gift from Okawaru
 11430 | Lair:2   | Found a staircase to the Swamp.
 11453 | Lair:2   | Killed a four-headed hydra
 11496 | Lair:2   | Reached ***** piety under Okawaru
 11795 | Lair:2   | You are sucked into a shaft and drop 1 floor!
 11795 | Lair:3   | Noticed a boulder beetle
 11795 | Lair:3   | Found a runed translucent gate.
 11795 | Lair:3   | Found a runed translucent gate.
 11798 | Lair:3   | Found a runed translucent gate.
 11798 | Lair:3   | Found a runed translucent gate.
 11798 | Lair:3   | Found a runed translucent gate.
 11800 | Lair:3   | Found a runed translucent door.
 11806 | Lair:3   | Identified the +9 whip of Purpose {flame, Will+ Dex+3 SInv}
 11844 | Lair:3   | Found a runed translucent gate.
 12356 | Lair:3   | Upgraded the game from 0.31-a0-1-g4198be8af4 to
                  | 0.31-a0-4-gefa6de2278
 12433 | Lair:3   | Noticed a death yak
 12434 | Lair:3   | Noticed a death yak
 12435 | Lair:3   | Noticed a death yak
 12451 | Lair:3   | Killed a death yak
 12460 | Lair:3   | Killed a death yak
 12463 | Lair:3   | Killed a death yak
 12634 | Lair:3   | Identified the +10 executioner's axe of Firaegaz {venom,
                  | *Rage rElec Str+2 Int+5} (Okawaru gifted it to you on level
                  | 3 of the Lair of Beasts)
 12634 | Lair:3   | Received a gift from Okawaru
 12640 | Lair:3   | Reached skill level 13 in Unarmed Combat
 12769 | Lair:3   | Noticed a death yak
 12769 | Lair:3   | Noticed a death yak
 12770 | Lair:3   | Noticed a death yak
 12771 | Lair:3   | Noticed a death yak
 12785 | Lair:3   | Killed a death yak
 12795 | Lair:3   | Killed a death yak
 12804 | Lair:3   | Killed a death yak
 12805 | Lair:3   | Reached XP level 13. HP: 76/114 MP: 16/21
 13097 | Lair:3   | Reached skill level 5 in Evocations
 13645 | Lair:4   | Received a gift from Okawaru
 13748 | Lair:3   | Identified the ring of Pangom {Fly rCorr Str-3 Int+3 Dex+3}
 13784 | Lair:4   | Found a staircase to the Slime Pits.
 14327 | Lair:4   | Reached skill level 14 in Unarmed Combat
 15116 | D:5      | Bought the amulet of Laotifra {Faith rElec Regen+ Str+2}
                  | for 698 gold pieces
 15289 | Lair:5   | Entered Level 5 of the Lair of Beasts
 15529 | Lair:5   | Reached skill level 1 in Armour
 15748 | Lair:5   | Reached XP level 14. HP: 121/123 MP: 22/22
 15769 | Lair:5   | Received a gift from Okawaru
 15890 | Lair:5   | Reached skill level 15 in Unarmed Combat
 15911 | Lair:5   | Reached skill level 5 in Armour
 16347 | Lair:5   | Reached skill level 1 in Stealth
 16398 | Lair:5   | Reached skill level 5 in Fighting
 16420 | Lair:5   | Received a gift from Okawaru
 16437 | Lair:5   | Identified the +10 short sword "Isie" {drain, *Corrode
                  | rPois Str+2 Dex+8}
 16595 | Lair:5   | Reached skill level 16 in Unarmed Combat
 17100 | D:11     | Found a shimmering altar of Xom.
 17674 | D:11     | Found a staircase to the Orcish Mines.
 18642 | D:12     | Identified the +1 helmet "Tiasi" {+Inv}
 18688 | D:12     | Identified the +9 broad axe of the Thirteen Prophets
                  | {venom, Drain rElec rPois rCorr}
 19200 | D:13     | Noticed Lodul
 19211 | D:13     | Killed Lodul
 19349 | D:13     | Found Wuilaisuqo's General Store.
 19358 | D:13     | Bought a scroll of blinking for 90 gold pieces
 19490 | D:13     | Reached XP level 15. HP: 136/136 MP: 23/23
 19550 | D:13     | Noticed Maurice
 19557 | D:13     | Killed Maurice
 19596 | D:13     | Received a gift from Okawaru
 19597 | D:13     | Reached skill level 1 in Throwing
 20106 | D:14     | Found Ecuur's Weapon Shop.
 20185 | D:14     | Found a gate to the Vaults.
 20337 | Orc:1    | Entered Level 1 of the Orcish Mines
 20900 | Orc:2    | Entered Level 2 of the Orcish Mines
 20900 | Orc:2    | Found Bueno's Magic Scroll Shop.
 21094 | Orc:2    | Noticed Urug
 21148 | Orc:1    | Received a gift from Okawaru
 21200 | Orc:2    | Reached skill level 5 in Throwing
 21208 | Orc:2    | Identified the +3 hat of the Hurling Gods {Regen+ rCorr
                  | Dex-5} (Okawaru gifted it to you on level 2 of the Orcish
                  | Mines)
 21208 | Orc:2    | Received a gift from Okawaru
 21341 | Orc:2    | Killed Urug
 21349 | Orc:2    | Found Guny's Magic Scroll Shoppe.
 21447 | Orc:2    | Found Leklucs's Jewellery Boutique.
 21448 | Orc:2    | Found Davverye's Distillery.
 21658 | Orc:2    | Found a staircase to the Elven Halls.
 21789 | Orc:2    | Found a runed translucent door.
 22355 | Orc:1    | Found a shimmering blue altar of Sif Muna.
 22785 | Orc:2    | Bought a potion of invisibility for 80 gold pieces
 22785 | Orc:2    | Bought 2 potions of invisibility for 160 gold pieces
 22785 | Orc:2    | Bought 3 potions of curing for 90 gold pieces
 22785 | Orc:2    | Bought a potion of curing for 30 gold pieces
 22785 | Orc:2    | Bought a potion of ambrosia for 80 gold pieces
 22785 | Orc:2    | Bought a potion of heal wounds for 50 gold pieces
 22791 | Orc:2    | Bought a scroll of fear for 56 gold pieces
 22796 | Orc:2    | Bought a scroll of fear for 60 gold pieces
 22796 | Orc:2    | Bought a scroll of fog for 60 gold pieces
 22796 | Orc:2    | Bought a scroll of blinking for 112 gold pieces
 22796 | Orc:2    | Bought a scroll of teleportation for 45 gold pieces
 22801 | Orc:2    | Bought 2 scrolls of teleportation for 84 gold pieces
 22801 | Orc:2    | Bought a scroll of teleportation for 42 gold pieces
 22801 | Orc:2    | Bought a scroll of teleportation for 42 gold pieces
 22801 | Orc:2    | Bought a scroll of teleportation for 42 gold pieces
 22801 | Orc:2    | Bought a scroll of teleportation for 42 gold pieces
 22820 | Orc:2    | Bought a potion of brilliance for 40 gold pieces
 23212 | D:14     | Identified the +6 trident "Hijuotei" {vamp, *Slow rC+++
                  | MP-9 Int+6}
 23474 | D:14     | Found a sparkling altar of Nemelex Xobeh.
 23529 | D:15     | Entered Level 15 of the Dungeon
 23607 | D:14     | HP: 6/140 [meliai/+0 broad axe (5)]
 23969 | D:15     | Found a staircase to the Depths.
 24362 | D:14     | Identified the +2 helmet of the Sky {Stlth+}
 24536 | Snake:1  | Entered Level 1 of the Snake Pit
 24816 | Snake:1  | Reached XP level 16. HP: 137/152 MP: 8/24
 24954 | Snake:1  | Received a gift from Okawaru
 25898 | Snake:2  | Found Zouwn's Jewellery Shop.
 26009 | Snake:2  | Reached skill level 10 in Throwing
 26176 | Snake:2  | Identified the +4 steam dragon scales "Udouh" {rC++}
                  | (Okawaru gifted it to you on level 2 of the Snake Pit)
 26176 | Snake:2  | Received a gift from Okawaru
 26397 | Snake:2  | Identified a scroll of acquirement
 26408 | Snake:2  | Acquired the +0 storm dragon scales of Cloud Cover {rElec
                  | rF+}
 26832 | Snake:3  | Reached skill level 10 in Dodging
 28025 | Snake:3  | Received a gift from Okawaru
 28105 | Snake:4  | Entered Level 4 of the Snake Pit
 28420 | Snake:4  | Received a gift from Okawaru
 28552 | Snake:4  | Received a gift from Okawaru
 28797 | Snake:4  | Received a gift from Okawaru
 28836 | Snake:4  | Reached XP level 17. HP: 153/158 MP: 25/25
 29368 | Snake:4  | Received a gift from Okawaru
 29699 | Snake:4  | Received a gift from Okawaru
 29738 | Snake:4  | Noticed Saint Roka
 29759 | Snake:4  | Killed Saint Roka
 29804 | Snake:4  | Received a gift from Okawaru
 29980 | Snake:4  | Reached skill level 10 in Armour
 30285 | Snake:4  | Received a gift from Okawaru
 30895 | Snake:4  | Got a serpentine rune of Zot
 31162 | Snake:2  | Bought the ring "Mos Feum" {Str+6 SInv} for 472 gold pieces
 31297 | Swamp:1  | Entered Level 1 of the Swamp
 31964 | Swamp:1  | Identified the +1 quarterstaff of Kidney {drain, Str+3
                  | Dex+3} (Okawaru gifted it to you on level 1 of the Swamp)
 31964 | Swamp:1  | Received a gift from Okawaru
 32384 | Arena    | Entered the Arena
 32938 | Swamp:3  | Noticed Bai Suzhen
 32951 | Swamp:2  | Killed Bai Suzhen
 33031 | Swamp:2  | Received a gift from Okawaru
 33240 | Swamp:3  | Noticed Jorgrun
 33261 | Swamp:3  | Killed Jorgrun
 33262 | Swamp:3  | Reached XP level 18. HP: 167/167 MP: 26/26
 33359 | Swamp:3  | Received a gift from Okawaru
 33433 | Swamp:3  | Paralysed by a fenstrider witch for 5 turns
 33703 | Swamp:4  | Entered Level 4 of the Swamp
 33762 | Swamp:4  | Noticed Roxanne
 34064 | Swamp:4  | Identified the +8 tower shield "Viac" {rN++ Str+7} (Okawaru
                  | gifted it to you on level 4 of the Swamp)
 34064 | Swamp:4  | Received a gift from Okawaru
 34234 | Swamp:4  | Noticed a tentacled monstrosity
 34338 | Swamp:4  | Killed a tentacled monstrosity
 34608 | Swamp:4  | Got a decaying rune of Zot
 34933 | Vaults:1 | Entered Level 1 of the Vaults
 35387 | Vaults:1 | Found Diumuat's Distillery.
 35395 | Vaults:1 | Bought a potion of might for 64 gold pieces
 35395 | Vaults:1 | Bought a potion of might for 64 gold pieces
 35395 | Vaults:1 | Bought a potion of heal wounds for 80 gold pieces
 35677 | Vaults:1 | Found a portal to a secret trove of treasure.
 35811 | Vaults:1 | Received a gift from Okawaru
 35858 | Vaults:1 | Received a gift from Okawaru
 36025 | Vaults:1 | Noticed Donald
 36030 | Vaults:1 | Killed Donald
 36670 | Vaults:1 | Received a gift from Okawaru
 36767 | Vaults:2 | Noticed Mara
 36786 | Vaults:2 | Noticed backslashecho's illusion
 37039 | Vaults:2 | Noticed Margery
 37051 | Vaults:2 | Killed Margery
 37051 | Vaults:2 | Reached ****** piety under Okawaru
 37065 | Vaults:2 | Identified the +5 dire flail "Foelyck" {heavy, Dex+5
                  | Stlth-} (Okawaru gifted it to you on level 2 of the Vaults)
 37065 | Vaults:2 | Received a gift from Okawaru
 37091 | Vaults:2 | Reached XP level 19. HP: 90/174 MP: 27/27
 37110 | Arena    | Entered the Arena
 37222 | Vaults:2 | Killed Mara
 37236 | Vaults:2 | Reached skill level 15 in Armour
 37237 | Vaults:2 | Received a gift from Okawaru
 37239 | Vaults:2 | Reached skill level 1 in Shields
 37322 | Vaults:2 | Received a gift from Okawaru
 37434 | Vaults:2 | Reached skill level 15 in Throwing
 37573 | Vaults:2 | Received a gift from Okawaru
 37702 | Vaults:2 | Received a gift from Okawaru
 37953 | Vaults:2 | Received a gift from Okawaru
 37975 | Vaults:2 | Reached skill level 5 in Shields
 38204 | Vaults:2 | Found Cout's Antique Weapon Emporium.
 38888 | Vaults:3 | Received a gift from Okawaru
 39021 | Vaults:3 | Found a staircase to the Crypt.
 39352 | Abyss:2  | Cast into level 2 of the Abyss (a wizard)
 39355 | Abyss:2  | Found a corrupted altar of Lugonu.
 39541 | Abyss:3  | Got an abyssal rune of Zot
 39543 | Abyss:3  | Noticed a bone dragon
 39557 | Abyss:3  | Noticed a dread lich
 39596 | Vaults:3 | Escaped the Abyss
 39613 | Vaults:3 | Received a gift from Okawaru
 39812 | Vaults:3 | Paralysed by a sphinx for 5 turns
 40768 | Vaults:4 | Reached XP level 20. HP: 183/183 MP: 28/28
 40832 | Vaults:4 | Received a gift from Okawaru
 40914 | Vaults:4 | Paralysed by a great orb of eyes for 4 turns
 41046 | Vaults:4 | Noticed Aizul
 41059 | Vaults:4 | Killed Aizul
 41220 | Vaults:4 | Reached skill level 10 in Shields
 41590 | Vaults:4 | Paralysed by a sphinx for 5 turns
 41700 | Vaults:4 | Noticed an ancient lich
 41713 | Vaults:4 | Killed an ancient lich
 41713 | Vaults:4 | Received a gift from Okawaru
 41784 | Vaults:4 | Identified the +0 great sword of Watchfulness {flame, Fly
                  | rElec rPois rF-}
 41788 | Vaults:4 | Received a gift from Okawaru
 42129 | Depths:1 | Entered Level 1 of the Depths
 42310 | Arena    | Entered the Arena
 42369 | Depths:1 | Received a gift from Okawaru
 42552 | Depths:1 | Found an opulent altar of Gozag.
 42653 | Depths:1 | Found a gateway to Hell.
 42879 | Depths:1 | Received a gift from Okawaru
 42982 | Depths:1 | Found the +11 plutonium sword {Contam Stlth-}
 43182 | Depths:1 | Reached skill level 17 in Unarmed Combat
 43440 | Depths:2 | Received a gift from Okawaru
 43473 | Depths:2 | Identified the +0 robe of Cohebem {rElec Will++ rCorr
                  | Int-2} (Okawaru gifted it to you on level 2 of the Depths)
 43473 | Depths:2 | Received a gift from Okawaru
 43485 | Depths:2 | Reached XP level 21. HP: 189/191 MP: 29/29
 43633 | Depths:2 | Found a one-way gate leading to the halls of Pandemonium.
 43729 | Depths:2 | Found a one-way gateway to a ziggurat.
 43828 | Depths:2 | Reached skill level 18 in Unarmed Combat
 44207 | Depths:2 | Identified the +1 leather armour "Rolo" {rPois Stlth+}
 44721 | Depths:2 | Noticed a juggernaut
 44728 | Depths:2 | Identified the +0 war axe "Beastslayer" {protect, Fragile
                  | rElec rF+ Dex+3} (Okawaru gifted it to you on level 2 of
                  | the Depths)
 44728 | Depths:2 | Received a gift from Okawaru
 44737 | Depths:2 | Killed a juggernaut
 44884 | Depths:2 | Reached skill level 19 in Unarmed Combat
 44888 | Depths:2 | Received a gift from Okawaru
 45177 | Depths:3 | Received a gift from Okawaru
 45315 | Depths:3 | Received a gift from Okawaru
 45334 | Depths:3 | Identified the +3 steam dragon scales "Suhehirr" {*Slow
                  | rPois rC+++ Stlth+} (Okawaru gifted it to you on level 3 of
                  | the Depths)
 45334 | Depths:3 | Received a gift from Okawaru
 45764 | Depths:3 | Found Sogour's Jewellery Shop.
 45765 | Depths:3 | Found Ezureefea's Book Emporium.
 45766 | Depths:3 | Found Zoggin's Jewellery Shop.
 45993 | Depths:3 | Reached skill level 20 in Unarmed Combat
 46004 | Depths:3 | Reached XP level 22. HP: 154/198 MP: 30/30
 46118 | Depths:3 | Found a one-way gate to the infinite horrors of the Abyss.
 46534 | Depths:4 | Entered Level 4 of the Depths
 46697 | Depths:4 | Received a gift from Okawaru
 47298 | Depths:4 | Received a gift from Okawaru
 47398 | Depths:4 | Reached skill level 21 in Unarmed Combat
 47490 | Depths:4 | Found a gate to the Realm of Zot.
 47502 | Depths:4 | Received a gift from Okawaru
 47626 | Depths:3 | Bought the ring "Heujyg" {rPois Str+6} for 660 gold pieces
 47947 | Vaults:5 | Entered Level 5 of the Vaults
 48027 | Vaults:4 | Identified the +1 dagger "Zexuzil" {venom, SInv} (Okawaru
                  | gifted it to you on level 4 of the Vaults)
 48027 | Vaults:4 | Received a gift from Okawaru
 48332 | Vaults:5 | Noticed a golden dragon
 48443 | Vaults:5 | Killed a golden dragon
 48459 | Vaults:5 | Received a gift from Okawaru
 48593 | Vaults:5 | Reached skill level 22 in Unarmed Combat
 48721 | Vaults:5 | Identified the quicksilver dragon scales of Okawaru's
                  | Favour {rElec Will+ Regen+ Str-5} (Okawaru gifted it to you
                  | on level 5 of the Vaults)
 48721 | Vaults:5 | Received a gift from Okawaru
 48749 | Vaults:5 | Identified the +3 halberd "Ixyej" {holy, Stlth+}
 48777 | Vaults:5 | Got the Quarto of Combined Embers
 48882 | Vaults:5 | Reached XP level 23. HP: 144/206 MP: 31/31
 48916 | Vaults:5 | Got a silver rune of Zot
 48921 | Vaults:5 | Identified the +10 sling of the Cursing Jester {speed, rF-
                  | Int+5}
 48940 | Vaults:5 | Noticed Boris
 48948 | Vaults:5 | Killed Boris
 49107 | Vaults:5 | Identified the +2 robe of the Hanged Man {rElec Will+++
                  | Str+5 Slay-2}
 49130 | Vaults:5 | Noticed an ancient lich
 49140 | Vaults:5 | Killed an ancient lich
 49372 | Vaults:5 | Found the +3 pair of gauntlets of War {Slay+5}
 49509 | Vaults:5 | Identified the +0 helmet of Hangman {Int+3 Dex+3}
 50209 | Temple   | Entered the Ecumenical Temple
 50480 | Temple   | Fell from the grace of Okawaru
 50480 | Temple   | Became a worshipper of the Shining One
 50807 | Crypt:1  | Entered Level 1 of the Crypt
 50820 | Crypt:1  | Reached * piety under the Shining One
 50860 | Crypt:1  | Reached ** piety under the Shining One
 50862 | Crypt:1  | Found a runed translucent door.
 50862 | Crypt:1  | Noticed Igymira's ghost (veteran MiGl)
 51102 | Crypt:1  | Reached *** piety under the Shining One
 51279 | Crypt:1  | Reached **** piety under the Shining One
 51302 | Crypt:1  | Reached skill level 10 in Fighting
 51669 | Crypt:2  | Reached ***** piety under the Shining One
 51949 | Crypt:2  | Reached ****** piety under the Shining One
 52196 | Crypt:2  | HP: 10/219 [bog body (5)]
 52655 | Crypt:3  | Entered Level 3 of the Crypt
 52907 | Crypt:3  | Identified the +7 flail of the Lair of Beasts {speed, rC++
                  | Will+ Int-3 SInv}
 53099 | Crypt:3  | Found a staircase to the Tomb.
 53409 | Crypt:3  | Reached XP level 24. HP: 231/231 MP: 31/31
 54184 | Crypt:3  | Found a basalt altar of Yredelemnul.
 54187 | Crypt:3  | Found an ancient bone altar of Kikubaaqudgha.
 54284 | Crypt:3  | Was forgiven by Okawaru
 54517 | Crypt:3  | Identified the +2 pair of gloves "Esoe" {Rampage Str+3}
 54590 | Crypt:3  | Identified the +8 falchion of Prudence {heavy, Fly Dex+3}
 54626 | Crypt:3  | Identified a +2 eveningstar of holy wrath (a +0 eveningstar
                  | of draining blessed by the Shining One)
 54626 | Crypt:3  | Received a gift from the Shining One
 54976 | D:7      | Fell from the grace of the Shining One
 54976 | D:7      | Became a worshipper of Zin the Law-Giver
 54976 | D:7      | Reached * piety under Zin
 54976 | D:7      | Reached ** piety under Zin
 54976 | D:7      | Reached *** piety under Zin
 54976 | D:7      | Reached **** piety under Zin
 54976 | D:7      | Reached ***** piety under Zin
 55127 | Slime:1  | Entered Level 1 of the Pits of Slime
 55146 | Slime:1  | Gained mutation: You are dopey. (Int -2) [a shining eye]
 55150 | Slime:1  | Donated 2192 gold pieces to Zin
 55304 | Slime:3  | Noticed Dissolution
 55322 | Slime:2  | Killed Dissolution
 55412 | Slime:3  | Reached ****** piety under Zin
 55499 | Slime:5  | Entered Level 5 of the Pits of Slime
 55732 | D:5      | Bought a ring of protection from fire for 300 gold pieces
 56205 | D:13     | Bought a scroll of enchant weapon for 90 gold pieces
 56205 | D:13     | Bought a scroll of teleportation for 36 gold pieces
 56810 | Slime:5  | Noticed the Royal Jelly
 56825 | Slime:5  | Killed the Royal Jelly
 57098 | Slime:4  | Donated 883 gold pieces to Zin
 57442 | Slime:5  | Found the +4 Cigotuvi's embrace {Corpsefed rMiasma Drain
                  | rN+}
 57623 | Slime:5  | Identified the staff of poison "Xetwisto" {rPois rC+ Str+4}
 57627 | Slime:5  | Got a slimy rune of Zot
 57679 | Slime:5  | Identified the amulet of Fupsoelo {Reflect Harm rElec rN+
                  | Dex+2 SH+5}
 57697 | Slime:5  | Identified the +9 plate armour of the Thistle {rC+++ rN+++
                  | Str-5 Stlth-}
 57743 | Slime:5  | Identified the +4 rapier of False Accusations {heavy, rC+}
 57772 | Slime:5  | Identified the staff of earth "Jainon" {Str+3}
 57780 | Slime:5  | Identified the +10 hand axe of Zopros {freeze, Fly rN+
                  | Int-2 Dex+2}
 58355 | Zot:1    | Entered Level 1 of the Realm of Zot
 58565 | Zot:1    | Noticed Grunn
 58614 | Zot:1    | Killed Grunn
 58615 | Zot:1    | Noticed Vv
 58635 | Depths:4 | Killed Vv
 58704 | Zot:1    | Found the +4 dragonskin cloak
 58704 | Zot:1    | Noticed Tiamat
 58717 | Zot:1    | Killed Tiamat
 59200 | Zot:1    | Zin protects you from harm!
 59200 | Zot:1    | HP: 6/241 [golden dragon (10)]
 59546 | Zot:1    | Reached XP level 25. HP: 250/250 MP: 32/32
 60220 | Zot:2    | Reached skill level 15 in Fighting
 60915 | Zot:2    | Noticed an orb of fire
 60924 | Zot:2    | Killed an orb of fire
 61715 | Elf:1    | Entered Level 1 of the Elven Halls
 61739 | Elf:1    | Noticed Zenata
 61751 | Elf:1    | Killed Zenata
 61757 | Elf:1    | Found a radiant altar of Vehumet.
 62108 | Elf:1    | Paralysed by an air elemental for 1 turns
 62222 | Elf:1    | Reached skill level 15 in Invocations
 62730 | Elf:2    | Noticed Asterion
 62769 | Elf:3    | Entered Level 3 of the Elven Halls
 62833 | Elf:2    | Found a runed translucent gate.
 62847 | Elf:2    | Found a runed translucent gate.
 62847 | Elf:2    | Found a runed translucent gate.
 62905 | Elf:2    | Killed Asterion
 62974 | Elf:2    | Found Temutug's Armour Emporium.
 63051 | Elf:2    | Found a runed translucent door.
 63051 | Elf:2    | Found a shimmering altar of Xom.
 63051 | Elf:2    | Noticed Soammui's ghost (adept MiBe)
 63067 | Elf:2    | Found a shimmering blue altar of Sif Muna.
 64001 | Elf:3    | Found Bishreud's Firing Range.
 64322 | Elf:3    | Identified the +6 glaive "Ocugag" {holy, Str+3}
 64339 | Elf:3    | Identified the +4 falchion of Articulation {distort, rF+
                  | Str+3 Dex+3}
 64391 | Elf:3    | Identified the +2 leather armour "Zitad Dane" {Int+3}
 64446 | Elf:3    | Identified the amulet of Xaveg {Reflect Will+ Regen+ Int+3
                  | Dex+3 SH+5}
 64497 | Elf:3    | Got the Cyclopedia of the Torrid Chill
 64550 | Elf:3    | Identified the +4 rapier "Nepiveny" {freeze, Str+3}
 64553 | Elf:3    | Identified the staff of conjuration "Wit Tauck" {rF++
                  | rCorr}
 64554 | Elf:3    | Identified the +6 triple crossbow of Precise Incision
                  | {drain, rElec rC+ Int+3}
 64560 | Elf:3    | Got Gell's Vellum of the Traveller
 64570 | Elf:3    | Identified the +7 arbalest of Dissatisfaction {speed, rC-
                  | rN+ MP+9}
 64577 | Elf:3    | Identified the staff of death "Feuno" {Fragile Fly rPois
                  | rN+ MP+9}
 64579 | Elf:3    | Identified the staff of cold "Nadi Kie" {rC+ Str+5}
 64591 | Elf:3    | Identified the staff of conjuration "Mokecsok" {rN+ Str+2}
 65032 | Depths:3 | Bought the ring "Moluschean" {rElec rC+ Dex+6} for 798 gold
                  | pieces
 65379 | Zot:4    | Noticed an orb of fire
 65398 | Zot:3    | Killed an orb of fire
 65979 | Zot:3    | Donated 1123 gold pieces to Zin
 66005 | Zot:3    | Reached XP level 26. HP: 270/270 MP: 33/33
 66373 | Zot:3    | Found a runed translucent gate.
 66374 | Zot:3    | Found a runed translucent gate.
 66375 | Zot:3    | Found a runed translucent gate.
 66379 | Zot:3    | Noticed Xapeig's ghost (legendary GrAr)
 66617 | Zot:5    | Entered Level 5 of the Realm of Zot
 67033 | Zot:4    | Identified the ring of Xocroyrgh {Ice Will+ Str+5}
 67033 | Zot:4    | Noticed Josephina
 67041 | Zot:4    | Killed Josephina
 67056 | Zot:4    | Reached skill level 23 in Unarmed Combat
 67536 | Zot:4    | Found a shimmering altar of Xom.
 68856 | Zot:5    | Noticed an ancient lich
 68862 | Zot:5    | Noticed a dread lich
 68865 | Zot:5    | Noticed an orb of fire
 68866 | Zot:5    | Killed an ancient lich
 68868 | Zot:5    | Killed an orb of fire
 68870 | Zot:5    | Killed a dread lich
 68880 | Zot:5    | Reached skill level 24 in Unarmed Combat
 68894 | Zot:5    | a Killer Klown changed into a juggernaut
 68894 | Zot:5    | Noticed a juggernaut
 68900 | Zot:5    | Killed a juggernaut
 69086 | Zot:5    | Noticed a dread lich
 69095 | Zot:5    | Killed a dread lich
 69610 | Zot:5    | Noticed an orb of fire
 69616 | Zot:5    | Killed an orb of fire
 69715 | Zot:5    | Reached XP level 27. HP: 284/284 MP: 33/33
 69725 | Zot:5    | Noticed a dread lich
 69733 | Zot:5    | Killed a dread lich
 69776 | Zot:5    | Reached skill level 25 in Unarmed Combat
 70059 | Zot:5    | Noticed a dread lich
 70060 | Zot:5    | Paralysed by a dread lich for 4 turns
 70068 | Zot:5    | Killed a dread lich
 70307 | Zot:5    | Donated 660 gold pieces to Zin
 70308 | Zot:5    | Got the Orb of Zot
 70316 | Zot:5    | Noticed Waroulilla the pandemonium lord
 70574 | Depths:3 | Noticed Omytt the pandemonium lord
 70639 | D:15     | Noticed Boris
 70643 | D:15     | Killed Boris
 70929 | D:1      | Noticed Zofak the pandemonium lord
 70931 | D:$      | Escaped with the Orb!

Illustrated notes

Levels and vault maps discovered:
D:1:      onia_arrival_pyramid, layout_basic
D:2:      wander_river, layout_basic
D:3:      layout_loops_ring, ebering_ghost_reflecting_pool
D:4:      wad_woods_stonehenge, layout_basic, nicolae_elyvilon_peaceful_grove,
          minmay_temple_entry_arrows, kennysheep_generic_room_4, uniq_pikel,
          uniq_natasha, uniq_robin
D:5:      layout_loops_ring, serial_shops, shop, nicolae_shop_stone,
          nicolae_shop_real_fake_doors, nicolae_shop_rolling_square,
          uniq_grinder, uniq_ijyb, uniq_crazy_yiuf_cottage
D:6:      layout_gridville, minmay_misc_feat_alley, hangedman_decor_push,
          uniq_duvessa
D:7:      layout_loops_cross, zin_academy, mainiacjoe_overflow_boulevard,
          uniq_prince_ribbit1
D:8:      layout_cave_pools, grunt_temple_overflow_open, dpeg_oklobed_lair,
          serial_undead, serial_undead_c, serial_undead_d, serial_undead_e,
          serial_undead_d, uniq_amaemon
D:9:      layout_gridville, eat_drink_and_be_merry_uskayaw,
          minmay_strange_pillars, uniq_erolcha
D:10:     lemuel_slime, layout_loops_corners, lemuel_tele_altar,
          minmay_misc_feat_square, roderic_roman_lattice
D:11:     layout_long_grid, david_orc_4, xom_teletrap_fun
D:12:     layout_irregular_city
D:13:     layout_cave_pods, serial_shops, shop, uniq_lodul, uniq_maurice
D:14:     layout_rooms, david_vaults_2, serial_shops,
          nicolae_shop_bloodbath_and_beyond, nemelex_altar_shiori, st_stairs_14,
          hangedman_decor_clover_reticule
D:15:     grunt_enter_depths_giant_problem, layout_irregular_city
Temple:   compressed_dpeg_triangle_lava_temple
Lair:1:   layout_regular_city, gauntlet_entry_generic
Lair:2:   layout_loops_ring, nicolae_swamp_entry_splash_gauntlet,
          minmay_snake_entry_six_corridors, patterned_corridor,
          grunt_megastairs_2
Lair:3:   gammafunk_indiana_jones, layout_loops_ring, grunt_megastairs_3
Lair:4:   layout_regular_city, nicolae_slime_entry_field_trip
Lair:5:   minmay_lair_end_enchanted_forest, layout_hall_layers,
          nzn_sisyphean_effort
Swamp:1:  layout_falls_marsh, nicolae_swamp_triple_paths
Swamp:2:  layout_falls_marsh, infiniplex_staircase_pool_2, swamp_pool4,
          roderic_carrion_pond
Swamp:3:  layout_basic_swamp, nicolae_swamp_little_tower, uniq_bai_suzhen,
          uniq_jorgrun
Swamp:4:  swamp_icy, layout_basic_swamp, infiniplex_staircase_pool, uniq_roxanne
Snake:1:  cheibrodos_forgotten_conduit, layout_rooms, grunt_megastairs_4
Snake:2:  layout_misc_corridors, serial_shops, shop, serial_bayou_shore_b
Snake:3:  layout_gridlike
Snake:4:  grunt_snake_rune_pools, layout_chambers,
          hangedman_snake_corridor_split, lemuel_fruit_tree, uniq_saint_roka
Slime:1:  layout_caves
Slime:2:  layout_caves
Slime:3:  layout_caves, dissolution_awaits
Slime:4:  layout_caves
Slime:5
Orc:1:    layout_caves, serial_shops, kennysheep_orc_sif_temple
Orc:2:    st_orc_open, layout_caves, lightli_church_of_beogh, uniq_urug
Elf:1:    eino_elf_arrival_altar, layout_geoelf_diagonals,
          minmay_elf_annihilation, st_stairs_13, uniq_zenata
Elf:2:    nicolae_elf_blades_splatter_lattice [mumra_blade_entry_bloodbath],
          layout_geoelf_octagon, ebering_ghost_xom, basic_altar, serial_shops,
          nicolae_shop_tiny_statue_garden, uniq_asterion
Elf:3:    minmay_elf_hall_not_hex, layout_geoelf_castle,
          nicolae_shop_firing_range
Vaults:1: nicolae_vaults_tetromino_L_1, nicolae_vaults_network_star,
          nicolae_vaults_alarming, v_misc_10, nicolae_vaults_tetromino_L_1,
          nicolae_vaults_diamond_1, nicolae_vaults_closet_pinwheel_1,
          nicolae_vaults_little_ls, layout_vaults_omnigrid, serial_shops, shop,
          enter_trove_1, uniq_donald
Vaults:2: ontoclasm_vaults_chip, nicolae_vaults_circle_grid_b,
          ontoclasm_vaults_eye, vaults_mumra_chevron_long, v_misc_24,
          nicolae_vaults_shipping_containers_2, v_misc_32, v_misc_29,
          nicolae_vaults_more_shelving_2, v_pattern_5, v_misc_23,
          nicolae_vaults_trapezoid_lopsided_3,
          nicolae_vaults_variable_pillar_hall,
          nicolae_vaults_variable_pillar_hall, layout_vaults_omnicross,
          serial_shops, shop, uniq_margery, uniq_mara
Vaults:3: nicolae_vaults_little_squares_2, nicolae_vaults_network_s,
          hangedman_vaults_stitches, minmay_crypt_entry_simple_round,
          nicolae_vaults_network_quinsquares
          [nicolae_vaults_network_quincunx_subvault,
          nicolae_vaults_network_quincunx_subvault,
          nicolae_vaults_network_quincunx_subvault,
          nicolae_vaults_network_quincunx_subvault],
          nicolae_vaults_doubleplus_tesselated, v_misc_33,
          hangedman_vaults_pinch, nicolae_vaults_storage_room_statues,
          nicolae_vaults_little_squares_4, ontoclasm_vaults_fault,
          vaults_dpeg_diagonal, vaults_room_hallway, layout_vaults_chaotic_city
Vaults:4: ontoclasm_vaults_ring_large, v_rooms_5, nicolae_vaults_diamond_2,
          nicolae_vaults_storage_closets_2, nicolae_vaults_more_shelving_1,
          vaults_dpeg_encased_lava, nicolae_vaults_surprise_closet,
          hangedman_vaults_trim, vaults_room_octagon, nicolae_vaults_swerve,
          grunt_vaults_trifunnel, nicolae_vaults_branching_niches,
          layout_vaults_maze_bifur, uniq_aizul
Vaults:5: serial_shops, uniq_boris
Crypt:1:  layout_rooms, hellmonk_ghost_big_iron
Crypt:2:  layout_gridlike, grunt_megastairs_5
Crypt:3:  lightli_unholy_cathedral, layout_chaotic_city,
          nicolae_tomb_entry_unfolded_pyramid_orthogonal
Depths:1: layout_cave_pools, minmay_misc_feat_cross, grunt_mini_vestibule,
          nrook_loot_triangle, grunt_gozag_breadcrumbs
Depths:2: minmay_the_grid_square_5x5_4x4
          [minmay_the_grid_square_5x5_intrusive_squares,
          minmay_the_grid_square_5x5_inner_i,
          minmay_the_grid_square_5x5_shrine2,
          minmay_the_grid_square_5x5_percent, minmay_the_grid_square_5x5_seven,
          minmay_the_grid_square_5x5_prize_gold,
          minmay_the_grid_square_5x5_prize_snowflake,
          minmay_the_grid_square_5x5_checkered_sparse,
          minmay_the_grid_square_5x5_three_walls,
          minmay_the_grid_square_5x5_prize_monsterx,
          minmay_the_grid_square_5x5_prize_itemx, minmay_the_grid_square_5x5_n,
          minmay_the_grid_square_5x5_bridge,
          minmay_the_grid_square_5x5_spiral_small,
          minmay_the_grid_square_5x5_beaten_path,
          minmay_the_grid_square_5x5_minimal], layout_long_grid,
          enter_ziggurat_a, rand_demon_pan_entry_7,
          pf_vacation_house_of_asmodeus, minmay_misc_feat_rows,
          infiniplex_staircase_split_hallway
Depths:3: kennysheep_scales, layout_cave_shapes, hangedman_abyss_entry_splay,
          hellmonk_bongcloud_opening, hangedman_coc_ice_floe, minmay_shop_grove,
          minmay_staircase_windowed_small
Depths:4: grunt_zot_entry_gee_three, layout_gridlike, hell_entry, serial_glass,
          glass_columns_b, glass_columns_a, item_on_display_a,
          due_unseen_surprise, feat_on_display, item_on_display_a
Zot:1:    kennysheep_bubbly, layout_concentric_octagons, bh_zot_levy_curve,
          st_single_dragon_hoard_3, bh_zot_ikea_curve, grunt_ministairs_14,
          nicolae_rock_paper_scissors, uniq_tiamat, uniq_grunn, uniq_vv
Zot:2:    layout_twisted_circle
Zot:3:    layout_onion, ebering_ghost_rock_garden
Zot:4:    layout_concentric_octagons, basic_altar, uniq_josephina
Zot:5:    layout_basic

Skill      XL: |  1  2  3  4  5  6  7  8  9 10 11 12 13 14 15 16 17 18 19 20 21 22 23 24 25 26 27 |
---------------+----------------------------------------------------------------------------------+-----
Dodging        | 2 5 7 9 10 | 10.0
Fighting       | 1 3 4 6 8 12 14 17 18 | 18.7
Unarmed Combat | 1 2 3 5 6 7 8 10 11 13 14 16 17 20 22 24 25 | 25.5
Evocations     | 3 4 6 7 |  7.2
Invocations    | 1 5 8 10 12 13 14 15 | 15.0
Armour         | 3 5 6 8 12 14 15 17 18 | 18.7
Stealth        | 1 |  1.0
Throwing       | 8 11 13 14 15 17 18 19 21 | 21.3
Shields        | 8 12 | 12.0

Action                     |  1- 3 |  4- 6 |  7- 9 | 10-12 | 13-15 | 16-18 | 19-21 | 22-24 | 25-27 || total
---------------------------+-------+-------+-------+-------+-------+-------+-------+-------+-------++-------
  Melee: Unarmed           |    92 |    80 |   255 |   402 |   969 |  1188 |  1517 |  2018 |   778 ||  7299
         Punch             |       |     1 |    12 |    42 |   119 |    48 |       |       |       ||   222
         Whip              |       |       |       |       |    23 |       |       |       |       ||    23
         Giant spiked club |       |       |       |       |     9 |       |       |       |       ||     9
  Throw: Dart              |       |       |     1 |     1 |    13 |    10 |     1 |       |    14 ||    40
         Large rock        |       |       |       |       |    12 |   150 |    33 |   195 |   397 ||   787
         Javelin           |       |       |       |       |       |    53 |    82 |    70 |   106 ||   311
 Invoke: Heroism           |       |       |     3 |    23 |    34 |    25 |    20 |    11 |       ||   116
         Finesse           |       |       |       |     6 |     4 |     3 |     2 |     3 |       ||    18
         Duel              |       |       |       |       |       |     1 |     3 |       |       ||     4
         Divine Shield     |       |       |       |       |       |       |       |    11 |       ||    11
         Vitalisation      |       |       |       |       |       |       |       |    10 |    25 ||    35
         Recite            |       |       |       |       |       |       |       |     2 |     8 ||    10
         Donate Gold       |       |       |       |       |       |       |       |     2 |     2 ||     4
         Sanctuary         |       |       |       |       |       |       |       |     2 |       ||     2
         Brand Weapon With |       |       |       |       |       |       |       |     1 |       ||     1
  Evoke: Wand              |       |    11 |    11 |    26 |    21 |    17 |    13 |    20 |     6 ||   125
         Piece from Xom's  |       |       |       |     2 |     8 |       |       |       |       ||    10
         Lightning rod     |       |       |       |       |     4 |       |       |       |       ||     4
         Condenser vane    |       |       |       |       |     1 |     2 |     1 |     2 |       ||     6
         Phial of floods   |       |       |       |       |       |     2 |     1 |       |       ||     3
         Phantom mirror    |       |       |       |       |       |       |       |     1 |       ||     1
    Use: Scroll            |       |       |     6 |    19 |     7 |     6 |     4 |    19 |    13 ||    74
         Potion            |       |       |       |     7 |     4 |     4 |     8 |    17 |     6 ||    46
   Stab: Sleeping          |     1 |       |     5 |       |     6 |     4 |       |       |       ||    16
         Distracted        |       |       |     1 |       |     2 |       |       |       |       ||     3
         Invisible         |       |       |       |       |     1 |     3 |       |       |       ||     4
         Confused          |       |       |       |       |       |       |       |       |     1 ||     1
 Armour: Robe              |    29 |    11 |    31 |    24 |       |       |       |       |       ||    95
         Animal skin       |       |     7 |     9 |       |       |       |       |       |       ||    16
         Steam dragon scal |       |       |       |     4 |       |     3 |       |       |       ||     7
         Acid dragon scale |       |       |       |    53 |   349 |    23 |       |       |       ||   425
         Troll leather arm |       |       |       |     2 |       |       |       |       |       ||     2
         Skin              |       |       |       |     4 |       |       |     4 |    10 |       ||    18
         Storm dragon scal |       |       |       |       |       |   477 |   336 |   354 |       ||  1167
         Quicksilver drago |       |       |       |       |       |       |       |   147 |    83 ||   230
         Gold dragon scale |       |       |       |       |       |       |       |       |   124 ||   124
  Dodge: Dodged            |    43 |    35 |   109 |   188 |   544 |   343 |   206 |   365 |   132 ||  1965
  Block: Kite shield       |       |       |       |       |       |    95 |       |       |       ||    95
         Tower shield      |       |       |       |       |       |   280 |  1079 |  1937 |   784 ||  4080
         Reflection        |       |       |       |       |       |       |       |       |    13 ||    13

Table legend: (Time is in decaauts)
 A = Elapsed time spent in this place.
 B = Non-inter-level travel time spent in this place.
 C = Inter-level travel time spent in this place.
 D = Time resting spent in this place.
 E = Time spent auto-exploring this place.
 F = Levels seen in this place.
 G = Mean time per level.
                   A        B        C        D        E       F      G
               +--------+--------+--------+--------+--------+-----+--------+
         Total |  68977 |  57328 |  11649 |   7123 |  25873 |  62 | 1112.5 |
       Dungeon |  16642 |  11798 |   4844 |    742 |   7192 |  15 | 1109.5 |
        Temple |    287 |    271 |     16 |      0 |    254 |   1 |  287.0 |
          Lair |   7723 |   6007 |   1716 |    591 |   3198 |   5 | 1544.6 |
         Swamp |   3200 |   2909 |    291 |    409 |   1317 |   4 |  800.0 |
     Snake Pit |   6993 |   5864 |   1129 |   1200 |   2160 |   4 | 1748.2 |
    Slime Pits |   1422 |   1305 |    117 |    439 |     20 |   5 |  284.4 |
  Orcish Mines |   2191 |   1904 |    287 |    465 |    679 |   2 | 1095.5 |
   Elven Halls |   3015 |   2796 |    219 |     68 |   1747 |   3 | 1005.0 |
        Vaults |   9045 |   7890 |   1155 |    724 |   3403 |   5 | 1809.0 |
         Crypt |   3614 |   3385 |    229 |    373 |    919 |   3 | 1204.7 |
        Depths |   5967 |   5042 |    925 |    591 |   1577 |   4 | 1491.8 |
           Zot |   8088 |   7372 |    716 |   1438 |   3275 |   5 | 1617.6 |
         Abyss |    217 |    217 |      0 |      0 |      0 |   2 |  108.5 |
      Gauntlet |    503 |    503 |      0 |     76 |    130 |   1 |  503.0 |
         Arena |     64 |     64 |      0 |      5 |      0 |   3 |   21.3 |
               +--------+--------+--------+--------+--------+-----+--------+

Top non-repeatable levels by time:
 Snake:4: 2534 daAuts
   Zot:5: 2352 daAuts
Vaults:3: 2050 daAuts
Vaults:1: 2049 daAuts
  Lair:2: 1852 daAuts
Vaults:4: 1815 daAuts
Depths:2: 1811 daAuts
   Zot:1: 1803 daAuts
Vaults:2: 1801 daAuts
 Crypt:3: 1732 daAuts
 Snake:3: 1726 daAuts
    D:13: 1717 daAuts
Depths:3: 1648 daAuts
     D:5: 1641 daAuts
    D:10: 1570 daAuts
